 Dungeon Crawl Stone Soup version 0.31-a0-876-gfe8ebadbca (webtiles) character file.

Game seed: 18022653407116050272

296 Getoffmy the Stinger (level 6, 0/43 HPs)
             Began as a Demonspawn Venom Mage on Oct 14, 2023.
             Was an Initiate of Vehumet.
             Slain by a wraith (3 damage)
             ... in an ossuary.
             The game lasted 00:13:09 (3248 turns).

Getoffmy the Stinger (Demonspawn Venom Mage)        Turns: 3248, Time: 00:13:10

Health: 0/43       AC: 10    Str:  8    XL:     6   Next: 12%
Magic:  2/11       EV: 12    Int: 25    God:    Vehumet [......]
Gold:   154        SH:  5    Dex: 13    Spells: 4/12 levels left

rFire   . . .        c - +0 dagger (heavy)
rCold   . . .        (no shield)
rNeg    . . .        a - +0 robe
rPois   .            l - +2 hat
rElec   .            d - +2 cloak
rCorr   .            (no gloves)
SInv    .            i - +0 pair of boots
Will    .....        e - amulet of reflection
Stlth   ++           f - +6 ring of intelligence
HPRegen 0.27/turn    (no ring)
MPRegen 0.12/turn

%: reflection
@: slowed, very slow
A: rugged brown scales 2, demonic magic 1
a: Renounce Religion


You were in an ossuary.
You worshipped Vehumet.
Vehumet was noncommittal.
You visited 2 branches of the dungeon, and saw 5 of its levels.
You also visited: Ossuary.

You collected 154 gold pieces.

Inventory:

Hand Weapons
 c - a +0 heavy dagger (weapon)
 k - a +1 whip of electrocution
Missiles
 j - 30 stones
 o - a throwing net
 q - 13 poisoned darts
Armour
 a - a +0 robe (worn)
 d - a +2 cloak (worn)
 i - a +0 pair of boots (worn)
 l - a +2 hat (worn)
Jewellery
 e - an amulet of reflection (around neck)
 f - a +6 ring of intelligence (left hand)
Scrolls
 h - a scroll of noise
 m - a scroll of blinking {unknown}
 p - a scroll of fog
 s - a scroll of identify
Potions
 r - 2 potions of enlightenment


   Skills:
 - Level 1.7 Dodging
 - Level 1.7 Stealth
 + Level 3.5 Spellcasting
 - Level 2.0 Transmutations
 * Level 0.3 Earth Magic
 + Level 5.6 Poison Magic


You had 4 spell levels left.
You knew the following spells:

 Your Spells              Type           Power      Damage    Failure   Level
a - Sting                 Tmut/Pois      92%        1d7       1%          1
b - Sandblast             Erth           12%        2d6       9%          1
c - Poisonous Vapours     Pois/Air       36%        N/A       4%          2
d - Olgreb's Toxic Radia  Pois           32%        N/A       10%         4

Your spell library contained the following spells:

 Spells                   Type           Power      Damage    Failure   Level
 Wereblood                Tmut           14%        N/A       6%          2
 Passwall                 Tmut/Erth      8%         N/A       9%          2
 Mephitic Cloud           Conj/Pois/Air  13%        N/A       13%         3
 Sublimation of Blood     Necr           4%         N/A       14%         2
 Stone Arrow              Conj/Erth      10%        3d7       26%         3
 Brom's Barrelling Bould  Conj/Erth      5%         2d3       65%         4
 Summon Hydra             Summ           2%         N/A       100%        7


Dungeon Overview and Level Annotations

Branches:
Dungeon (4/15)             Temple (1/1) D:4         Ossuary (1/1)

Altars:
Dithmenos
Gozag
Hepliaklqana
Kikubaaqudgha
Nemelex Xobeh
Sif Muna
Uskayaw
Vehumet
Wu Jian
Yredelemnul

Annotations:
D:3 1 runed translucent door, Uzeprotekshun's ghost, amateur MeSh


Innate Abilities, Weirdness & Mutations

You are mostly covered in rugged brown scales. (AC +2, +5% HP)
Spells you cast may paralyse adjacent enemies.


Message History

* * * LOW HITPOINT WARNING * * *
The wraith misses you.
Casting: Sandblast (safe; 9% risk of failure)
Confirm with . or Enter, or press ? or * to list all spells.
Aiming: Sandblast (safe; 9% risk of failure)
Press: ? - help, Shift-Dir - straight line, f/p - wraith
Aim: a wraith (heavily damaged, 81% to hit)
You feel a surge of power!
The blast of sand hits the wraith but does no damage.
The wraith is heavily damaged.
Malevolent energies surge around you. The wraith barely misses you.
The wraith closely misses you. The wraith barely misses you.
The wraith hits you but does no damage. The wraith barely misses you.
A gnoll skeleton comes into view.
The wraith attacks as it pursues you! The wraith hits you but does no damage.
There is an open door here.
The wraith misses you. The wraith attacks as it pursues you!
The wraith hits you but does no damage.
There is an open gate here.
Casting: Sandblast (safe; 9% risk of failure)
Confirm with . or Enter, or press ? or * to list all spells.
Aiming: Sandblast (safe; 9% risk of failure)
Press: ? - help, Shift-Dir - straight line, f/p - wraith
Aim: a wraith (moderately damaged, 81% to hit)
You feel a surge of power!
You miscast Sandblast.
You are very lightly contaminated with residual magic.
Nothing appears to happen.
The wraith closely misses you. The wraith barely misses you.
The wraith hits you but does no damage. The wraith misses you.
The wraith attacks as it pursues you! The wraith hits you!
* * * LOW HITPOINT WARNING * * *
Your magical contamination has completely faded away.
The wraith hits you but does no damage.
You feel a little less clever now. The wraith attacks as it pursues you!
The wraith hits you but does no damage. The wraith hits you.
You die...

................
#######'''######
####...####
#..'...'..#
#..#...#..#
####.Z.####
#...# #.W.#
#.@.# #...#
#...# ##'''##
##.....##
####.......####
#W▓...∩.∩...▓W#
####.......####
##.....##


You could see a wraith and a gnoll skeleton.

Vanquished Creatures
  A howler monkey (D:3)
  2 orc priests (D:4)
  A sleepcap (D:4)
  2 orc wizards (D:4)
  A mummy (Ossuary)
  4 adders
  A worm (D:3)
  A dart slug (D:4)
  6 orcs
  2 ball pythons (D:1)
  5 bats
  9 endoplasms
  3 giant cockroaches
  5 goblins
  4 hobgoblins
  3 quokkas
  3 frilled lizards
  3 gnoll skeletons (Ossuary)
  3 kobolds
  6 orc skeletons (Ossuary)
  4 rats
69 creatures vanquished.

Notes
Turn   | Place    | Note
-------+----------+-------------------------------------------
     0 | D:1      | Getoffmy the Demonspawn Venom Mage began the quest for the
                  | Orb.
     0 | D:1      | Reached XP level 1. HP: 13/13 MP: 3/3
   242 | D:1      | Reached skill level 1 in Transmutations
   242 | D:1      | Gained mutation: You are partially covered in rugged brown
                  | scales. (AC +1, +3% HP) [demonic ancestry]
   242 | D:1      | Reached XP level 2. HP: 13/19 MP: 3/5
   274 | D:1      | Found a faded altar of an unknown god.
   987 | D:2      | Reached XP level 3. HP: 24/24 MP: 4/6
  1278 | D:2      | Reached skill level 4 in Poison Magic
  1448 | D:3      | Found an opulent altar of Gozag.
  1671 | D:3      | Reached XP level 4. HP: 20/30 MP: 5/8
  1944 | D:3      | Found a runed translucent door.
  1944 | D:3      | Noticed Uzeprotekshun's ghost (amateur MeSh)
  2231 | D:4      | Gained mutation: You are mostly covered in rugged brown
                  | scales. (AC +2, +5% HP) [demonic ancestry]
  2231 | D:4      | Reached XP level 5. HP: 21/36 MP: 2/9
  2323 | D:4      | Found an ancient bone altar of Kikubaaqudgha.
  2498 | D:4      | Reached skill level 5 in Poison Magic
  2555 | D:4      | Found a staircase to the Ecumenical Temple.
  2587 | Temple   | Entered the Ecumenical Temple
  2605 | Temple   | Became a worshipper of Vehumet
  2713 | D:4      | Gained mutation: Spells you cast may paralyse adjacent
                  | enemies. [demonic ancestry]
  2713 | D:4      | Reached XP level 6. HP: 32/43 MP: 3/11
  2809 | D:4      | Found a sand-covered staircase.
  2818 | Ossuary  | Entered an ossuary
  2818 | Ossuary  | Noticed a wraith
  2818 | Ossuary  | Noticed a wraith
  2818 | Ossuary  | Noticed a wraith
  2921 | Ossuary  | Learned a level 1 spell: Sandblast
  2924 | Ossuary  | Learned a level 2 spell: Poisonous Vapours
  2929 | Ossuary  | Learned a level 4 spell: Olgreb's Toxic Radiance
  3172 | Ossuary  | Noticed a wraith
  3245 | Ossuary  | HP: 2/43 [wraith (10)]
  3248 | Ossuary  | Slain by a wraith

Illustrated notes

Levels and vault maps discovered:
D:1:      dpeg_arrival_simpleton_b, layout_basic,
          shapermc_ecumenical_altar_venn, kennysheep_doodads,
          minmay_misc_feat_tiny
D:2:      layout_rooms, serial_bayou_lagoon_a, lemuel_flame_loot_1
D:3:      layout_rooms, nicolae_gozag_seed_capital, gammafunk_ghost_grave
D:4:      layout_basic, marbit_many_paths, minmay_temple_entry_proselytizer,
          serial_curves, eino_curves_01, eino_curves_03, eino_curves_03,
          enter_ossuary_1, corner_web_ring, minivault_26, uniq_natasha
Temple:   nicolae_temple_bog_church
Ossuary:  ossuary_due_mausoleum

Skill      XL: |  1  2  3  4  5 |
---------------+----------------+-----
Transmutations | 1 2 |  2.0
Poison Magic   | 4 5 |  5.6
Spellcasting   | 3 |  3.5
Dodging        | |  1.7
Stealth        | |  1.7
Earth Magic    | |  0.3

Action                     |  1- 3 |  4- 6 || total
---------------------------+-------+-------++-------
  Melee: Club              |    14 |       ||    14
         Unarmed           |     3 |       ||     3
         Short sword       |    11 |       ||    11
         Dagger            |    41 |    71 ||   112
         Punch             |       |     1 ||     1
   Cast: Sting             |    45 |    39 ||    84
         Sandblast         |       |    38 ||    38
    Use: Scroll            |     2 |     7 ||     9
         Potion            |       |     5 ||     5
   Stab: Sleeping          |     3 |     2 ||     5
         Paralysed         |       |    11 ||    11
 Armour: Robe              |    26 |    84 ||   110
  Dodge: Dodged            |    45 |    73 ||   118
  Block: Other             |    16 |    30 ||    46

Table legend: (Time is in decaauts)
 A = Elapsed time spent in this place.
 B = Non-inter-level travel time spent in this place.
 C = Inter-level travel time spent in this place.
 D = Time resting spent in this place.
 E = Time spent auto-exploring this place.
 F = Levels seen in this place.
 G = Mean time per level.
                   A        B        C        D        E       F      G
               +--------+--------+--------+--------+--------+-----+--------+
         Total |   3316 |   3172 |    144 |    665 |   1526 |   6 |  552.7 |
       Dungeon |   2798 |   2671 |    127 |    403 |   1501 |   4 |  699.5 |
        Temple |     36 |     19 |     17 |      0 |      0 |   1 |   36.0 |
       Ossuary |    481 |    481 |      0 |    262 |     25 |   1 |  481.0 |
               +--------+--------+--------+--------+--------+-----+--------+

Top non-repeatable levels by time:
     D:1: 963 daAuts
     D:3: 760 daAuts
     D:4: 591 daAuts
     D:2: 481 daAuts
 Ossuary: 481 daAuts
  Temple: 36 daAuts
